Map: Pride of Altaris LE

Players

HILLDAWG

  • Race: Zerg Zerg
  • League: Diamond

Icyeye - Winner!

  • Race: Zerg Zerg
  • League: Diamond

VOD

Have the link to the VOD?

Description

Time

  • Played on: Dec. 28, 2021, 2:29 p.m.
  • Length: 4:50
Show
View Real Time Build Order
Export as new Build Order

HILLDAWG Zerg 

Build Orders: Hatch First, Zergling Baneling 

Get SALT Encoding   

  12  0:00  Drone  
  13  0:08  Drone  
  14  0:33  Hatchery  
  13  0:36  Drone  
  13  0:40  Extractor  
  13  0:42  Drone  
  14  1:00  Spawning Pool  
  13  1:04  Drone  
  14  1:12  Overlord  
  14  1:19  Extractor  
  14  1:20  Drone  
  15  1:47  Zergling x8, Metabolic Boost  
  19  1:55  Zergling x2  
  19  1:59  Zergling x2  
  21  2:06  Baneling Nest  
  20  2:10  Zergling x2  
  20  2:12  Zergling x2  
  22  2:17  Zergling x2  
  24  2:22  Zergling x2  
  24  2:27  Zergling x2  
  25  2:32  Zergling x2  
  26  2:44  Overlord  
  26  2:51  Baneling x4  
  26  2:52  Baneling  
  26  2:59  Zergling x2  
  25  3:25  Drone x2  
  25  3:26  Baneling x3  
  25  3:27  Baneling  
  24  3:36  Zergling x8  
  27  3:47  Zergling x4  
  27  3:53  Zergling x2  
  25  3:57  Baneling x2  
  25  4:01  Drone  
  25  4:03  Zergling x4  
  27  4:13  Zergling x4  
Show
View Real Time Build Order
Export as new Build Order

Icyeye Zerg - Winner!

Build Orders: Hatch First 

Get SALT Encoding   

  12  0:00  Drone  
  13  0:12  Overlord  
  13  0:17  Drone  
  14  0:31  Drone x2  
  16  0:48  Hatchery  
  15  0:54  Drone  
  16  0:57  Drone  
  16  0:58  Drone  
  18  1:11  Extractor  
  18  1:14  Spawning Pool  
  18  1:17  Drone  
  17  1:21  Drone  
  18  1:29  Drone  
  19  1:43  Drone  
  20  1:51  Overlord  
  20  2:01  Queen x2  
  20  2:02  Zergling x4  
  26  2:13  Zergling x4  
  26  2:14  Metabolic Boost  
  28  2:24  Drone x2  
  30  2:33  Zergling x4  
  32  2:54  Zergling x8  
  32  2:58  Hatchery  
  34  3:01  Baneling Nest  
  33  3:08  Overlord  
  33  3:15  Spine Crawler  
  27  3:24  Drone x4  
  25  3:30  Zergling x6  
  29  3:48  Baneling x4  
  27  4:01  Baneling  
  27  4:09  Zergling x2  
  27  4:12  Hatchery  
  27  4:13  Zergling x2  
  27  4:29  Zergling x8  
Tags
 
Add a new tag
Caveats
  • Supply blocks, unpowered buildings, or Contaminate may cause inaccurate times.
  • Supply counts are checked every 10 seconds.